Map: Orbital Shipyard

Players

AntMantis - Winner!

  • Race: Zerg Zerg
  • League: Diamond

LilDicky

  • Race: Terran Terran
  • League: Diamond

VOD

http://www.twitch.tv/tumescentpie

Description

Time

  • Played on: Dec. 25, 2015, 1:27 a.m.
  • Length: 15:58
Show
View Real Time Build Order
Export as new Build Order

AntMantis Zerg - Winner!

Build Orders: Hatch First 

Get SALT Encoding   

  12  0:01  Drone  
  13  0:12  Overlord  
  13  0:17  Drone  
  15  0:35  Drone x2  
  15  0:36  Drone  
  17  0:55  Hatchery  
  16  1:08  Spawning Pool  
  15  1:13  Drone  
  15  1:16  Extractor  
  16  1:18  Drone  
  16  1:21  Drone  
  17  1:26  Drone  
  18  1:35  Overlord  
  18  1:52  Drone  
  19  1:54  Queen  
  21  2:04  Zergling x2  
  21  2:06  Queen  
  21  2:07  Drone  
  25  2:10  Drone  
  26  2:18  Metabolic Boost  
  26  2:23  Drone  
  26  2:26  Drone  
  28  2:30  Drone  
  28  2:33  Overlord  
  29  2:41  Drone x2  
  31  2:50  Drone  
  32  3:02  Hatchery  
  32  3:04  Queen  
  33  3:08  Drone x3  
  36  3:15  Overlord, Drone x2  
  38  3:21  Overlord  
  38  3:22  Drone  
  39  3:28  Drone x2, Extractor  
  39  3:29  Drone  
  39  3:30  Extractor  
  40  3:36  Drone x4  
  40  3:41  Drone  
  44  3:46  Zergling x2  
  45  3:57  Drone x4  
  45  4:01  Extractor  
  48  4:03  Lair  
  48  4:06  Overlord  
  48  4:07  Evolution Chamber  
  48  4:08  Evolution Chamber  
  46  4:10  Overlord  
  46  4:11  Drone  
  47  4:19  Drone  
  47  4:20  Drone x2  
  47  4:22  Queen  
  52  4:28  Baneling Nest  
  51  4:33  Drone x3  
  51  4:37  Spore Crawler  
  53  4:38  Spore Crawler  
  53  4:40  Spore Crawler  
  51  4:51  Zerg Ground Armor Level 1, Zerg Melee Weapons Level 1  
  51  4:55  Drone  
  51  4:56  Drone  
  51  4:57  Spore Crawler  
  52  5:00  Drone x2  
  52  5:03  Drone  
  55  5:11  Spire  
  55  5:14  Drone, Spore Crawler  
  55  5:15  Drone, Spore Crawler  
  55  5:17  Drone  
  55  5:18  Overseer  
  54  5:21  Zergling x2  
  54  5:27  Zergling x2  
  54  5:28  Zergling x6  
  59  5:30  Zergling x4  
  59  5:35  Queen  
  63  5:36  Zergling x2  
  63  5:38  Zergling x2  
  63  5:40  Zergling x2  
  66  5:52  Overlord  
  66  5:53  Drone x5  
  66  5:54  Drone x2  
  66  5:56  Overlord  
  74  5:57  Drone  
  74  6:03  Overlord  
  70  6:19  Overlord, Drone x5  
  70  6:20  Drone  
  74  6:28  Queen  
  74  6:30  Zerg Flyer Weapons Level 1  
  74  6:32  Mutalisk x5  
  74  6:37  Extractor  
  74  6:39  Extractor  
  79  6:52  Mutalisk x2  
  79  6:54  Overlord  
  79  6:55  Drone x6  
  79  6:56  Drone  
  86  7:08  Overlord, Drone  
  86  7:09  Drone x5  
  86  7:10  Spore Crawler  
  86  7:12  Overseer  
  89  7:28  Pneumatized Carapace  
  89  7:36  Zerg Melee Weapons Level 2  
  89  7:42  Drone x3  
  89  7:43  Drone x3  
  95  7:48  Infestation Pit  
  95  7:50  Overlord, Zergling x2  
  95  7:51  Zergling x12  
  101  7:59  Overlord, Zergling x2  
  101  8:01  Queen  
  104  8:11  Zerg Ground Armor Level 2  
  104  8:12  Hatchery  
  104  8:13  Zergling x6  
  104  8:14  Zergling x12  
  112  8:23  Mutalisk  
  112  8:24  Mutalisk x2  
  112  8:26  Hatchery, Overlord, Extractor  
  117  8:27  Drone  
  117  8:28  Extractor  
  117  8:30  Drone  
  113  8:52  Zerg Flyer Weapons Level 2  
  113  8:53  Corruptor x4  
  121  8:56  Overlord  
  121  8:57  Zergling x4  
  121  8:58  Zergling x10  
  128  9:04  Overseer  
  128  9:06  Drone  
  129  9:14  Overseer x2  
  129  9:20  Hive  
  129  9:21  Pathogen Glands  
  129  9:27  Queen  
  129  9:29  Drone  
  129  9:30  Overlord, Spore Crawler  
  129  9:31  Drone x8  
  132  9:32  Drone x3  
  142  9:43  Corruptor x3  
  146  9:57  Corruptor x2  
  138  10:01  Queen  
  138  10:06  Corruptor x2  
  113  10:43  Corruptor x5  
  113  10:48  Queen  
  113  10:49  Drone x3  
  128  10:54  Drone x2  
  128  10:59  Spore Crawler  
  128  11:00  Spore Crawler  
  128  11:03  Extractor x2  
  128  11:04  Drone x2, Overlord  
  125  11:05  Drone x8  
  125  11:06  Hatchery  
  125  11:10  Ultralisk Cavern  
  132  11:12  Zerg Flyer Armor Level 1  
  132  11:17  Drone, Overlord  
  132  11:18  Drone x5  
  137  11:21  Spore Crawler  
  137  11:23  Spore Crawler  
  136  11:27  Queen  
  136  11:28  Queen  
  140  11:35  Spore Crawler  
  140  11:37  Corruptor x2  
  140  11:38  Corruptor x2  
  147  11:40  Zergling x2  
  147  11:41  Zergling x22  
  159  11:57  Mutalisk x4  
  159  11:58  Mutalisk x2  
  171  12:06  Drone x2  
  173  12:11  Spire  
  172  12:19  Zerg Ground Armor Level 3  
  172  12:41  Extractor  
  172  12:42  Hatchery, Mutalisk x6  
  182  12:49  Mutalisk x2  
  182  12:51  Hatchery, Overlord x3, Extractor  
  185  12:52  Hatchery  
  185  12:54  Extractor  
  182  13:02  Extractor  
  182  13:04  Hatchery  
  180  13:06  Extractor  
  171  13:16  Queen  
  170  13:26  Queen  
  171  13:34  Drone x3  
  171  13:36  Overlord, Drone  
  171  13:37  Zerg Flyer Armor Level 2  
  175  13:42  Infestor x5  
  175  13:45  Zergling x2  
  175  13:46  Zergling x12  
  183  14:07  Mutalisk x4  
  189  14:15  Zergling x16  
  197  14:25  Queen  
  197  14:31  Drone  
  200  14:52  Spore Crawler, Spine Crawler  
  198  14:55  Spine Crawler  
  188  15:41  Extractor  
  188  15:42  Extractor  
  188  15:43  Drone x2  
  188  15:44  Drone  
  188  15:45  Drone x3  
Show
View Real Time Build Order
Export as new Build Order

LilDicky Terran 

Build Orders: Command Center First (CC) 

Get SALT Encoding   

  12  0:03  SCV  
  13  0:15  SCV  
  14  0:27  SCV, Supply Depot  
  15  0:49  SCV  
  16  0:58  Command Center  
  16  1:02  SCV  
  17  1:11  Barracks  
  17  1:15  SCV  
  18  1:27  SCV  
  19  1:33  Refinery  
  19  1:35  Refinery  
  19  1:42  Supply Depot  
  19  1:45  SCV  
  20  1:58  Marine  
  22  2:04  Orbital Command  
  21  2:13  Orbital Command  
  21  2:17  Marine  
  22  2:30  SCV  
  22  2:35  Factory  
  23  2:39  Refinery  
  23  2:41  Refinery  
  23  2:43  SCV  
  24  2:44  SCV  
  24  2:49  Marine  
  26  2:55  SCV  
  26  2:57  SCV  
  28  3:07  SCV  
  28  3:08  Marine  
  28  3:10  SCV  
  31  3:22  Starport  
  31  3:26  SCV, Starport  
  32  3:27  Starport  
  32  3:30  SCV  
  33  3:44  Marine  
  33  3:46  Widow Mine  
  36  3:53  SCV x2  
  38  3:58  Starport Tech Lab  
  38  4:04  Starport Tech Lab x2  
  38  4:06  SCV  
  38  4:07  SCV  
  40  4:16  Cloaking Field  
  40  4:22  Banshee x2  
  46  4:28  Supply Depot  
  46  4:39  Banshee  
  49  4:51  SCV  
  49  4:52  SCV  
  51  4:57  Factory Reactor  
  51  5:03  SCV  
  51  5:05  Command Center, Banshee x2  
  58  5:07  Engineering Bay  
  58  5:13  SCV  
  59  5:16  SCV  
  60  5:29  Supply Depot  
  60  5:30  Supply Depot  
  60  5:31  SCV x2  
  62  5:37  Supply Depot  
  62  5:38  Missile Turret  
  62  5:50  Banshee  
  62  5:51  SCV  
  62  5:56  Banshee x2  
  58  6:28  Marine  
  59  6:33  Banshee  
  59  6:39  Banshee x2  
  68  6:45  Orbital Command  
  68  6:46  Marine  
  69  6:56  Widow Mine x2  
  69  6:59  Missile Turret  
  69  7:00  SCV x2  
  75  7:04  Marine  
  75  7:05  Hi-Sec Auto Tracking  
  76  7:08  Liberator  
  76  7:14  Missile Turret  
  73  7:16  Banshee  
  73  7:21  Banshee  
  79  7:40  SCV x3, Missile Turret  
  79  7:42  Liberator  
  82  7:47  Liberator  
  82  7:50  Missile Turret  
  82  7:51  Liberator  
  82  7:52  SCV x3  
  82  7:54  Fusion Core  
  82  7:55  Supply Depot  
  82  7:57  Orbital Command  
  82  7:58  Missile Turret  
  85  7:59  Missile Turret  
  85  8:01  Supply Depot  
  85  8:04  SCV x2  
  96  8:13  Marine  
  97  8:23  Missile Turret  
  97  8:25  Liberator  
  97  8:30  Marine, Liberator  
  97  8:31  Missile Turret  
  97  8:33  Missile Turret  
  97  8:46  SCV, Missile Turret  
  104  8:58  Liberator  
  104  8:59  Refinery  
  104  9:00  SCV  
  104  9:02  Refinery  
  105  9:03  SCV x2, Liberator  
  107  9:10  Command Center  
  107  9:12  SCV, Advanced Ballistics, Missile Turret, Hyperflight Rotors  
  107  9:13  Missile Turret x2  
  107  9:15  SCV x2  
  116  9:28  SCV  
  117  9:40  Missile Turret  
  117  9:43  Supply Depot, Missile Turret  
  117  9:46  Supply Depot  
  117  9:48  Supply Depot  
  117  9:52  SCV x3  
  114  10:04  SCV  
  114  10:06  Liberator x2  
  114  10:22  Banshee x2  
  114  10:24  Siege Tank  
  114  10:25  Marine  
  77  10:42  Marine  
  77  10:46  Missile Turret  
  77  10:48  SCV x3  
  77  11:00  SCV x3, Marine  
  77  11:01  Siege Tank  
  84  11:05  Banshee  
  84  11:07  Factory  
  84  11:09  Orbital Command  
  84  11:10  Starport  
  84  11:11  Missile Turret  
  87  11:12  Armory  
  87  11:13  Starport  
  87  11:15  SCV x2, Armory  
  89  11:19  Marine  
  90  11:31  Banshee  
  90  11:32  Viking  
  95  11:33  Viking  
  95  11:34  SCV x3  
  100  11:44  SCV  
  100  11:46  SCV  
  102  11:48  Banshee  
  102  11:50  SCV  
  106  12:06  Starport Tech Lab  
  106  12:07  Thor  
  112  12:10  Factory Tech Lab  
  112  12:12  SCV x3, Starport Tech Lab  
  116  12:18  SCV  
  116  12:19  Banshee  
  116  12:20  Viking  
  121  12:25  SCV  
  121  12:27  Command Center  
  122  12:37  Terran Vehicle And Ship Armor Level 1, Terran Ship Weapons Level 1  
  122  12:38  Armory  
  122  12:39  Behemoth Reactor  
  122  12:43  SCV x4  
  126  12:44  Missile Turret  
  126  12:47  Missile Turret  
  126  12:50  Thor  
  126  12:51  Battlecruiser  
  138  12:55  SCV x2  
  122  13:25  Thor  
  115  13:28  Viking  
  115  13:33  Thor  
  123  13:46  SCV, Terran Vehicle Weapons Level 1  
  123  13:47  SCV x2  
  105  14:15  Marine  
  103  14:24  Barracks x2  
  103  14:25  Barracks x2  
  103  14:26  Hellion x2, Barracks  
  103  14:27  Barracks  
  103  14:28  Barracks  
  107  14:33  Marine  
  108  14:47  Hellion x2  
  108  14:51  Marine  
  113  14:56  Missile Turret  
  113  14:57  Missile Turret  
  113  14:58  Missile Turret  
  113  14:59  Missile Turret  
  119  15:00  Missile Turret  
  119  15:01  Missile Turret  
  119  15:02  SCV x2  
  119  15:03  SCV, Missile Turret x2  
  119  15:04  Missile Turret x2  
  122  15:08  Hellion  
  122  15:09  Marine  
  122  15:11  Marine x2  
  127  15:24  Barracks Tech Lab, Marine  
Tags
 
Add a new tag
Caveats
  • Supply blocks, unpowered buildings, or Contaminate may cause inaccurate times.
  • Supply counts are checked every 10 seconds.